 Dungeon Crawl Stone Soup version 0.29.1-2-gbd0b4ee654 (webtiles) character file.

Game seed: 6272074295940037446

121 funnyparkerb the Slasher (level 5, -1/49 HPs)
             Began as a Naga Monk on Nov 1, 2022.
             Was a Believer of Cheibriados.
             Slain by a gnoll
             ... wielding a +0 halberd
              (2 damage)
             ... on level 3 of the Dungeon.
             The game lasted 00:07:59 (4030 turns).

funnyparkerb the Slasher (Naga Monk)                Turns: 4030, Time: 00:08:00

Health: -1/49      AC:  5    Str: 18    XL:     5   Next: 5%
Magic:  5/5        EV: 10    Int: 16    God:    Cheibriados [**....]
Gold:   245        SH:  0    Dex: 26    Spells: 3/4 levels left

rFire   . . .      SeeInvis +   a - +0 falchion
rCold   . . .      Faith    .   (no shield)
rNeg    . . .      Spirit   .   p - +0 ring mail
rPois   +          Reflect  .   m - +0 helmet
rElec   .          Harm     .   (no cloak)
rCorr   .          Rampage  .   (no gloves)
Will    .....                   (no barding)
Stlth   +.........              (no amulet)
HPRegen 0.16/turn               r - +6 ring of dexterity
MPRegen 0.09/turn               (no ring)

@: confused, ambrosia-drunk, very slow
A: AC +1, large, see invisible, deformed body, poison resistance, slowness 2,
spit poison 1, naga tail 1
a: Spit Poison, Renounce Religion, Bend Time


You were on level 3 of the Dungeon.
You worshipped Cheibriados.
Cheibriados was pleased with you.
You visited 1 branch of the dungeon, and saw 3 of its levels.

You collected 245 gold pieces.

Inventory:

Hand Weapons
 a - a +0 falchion (weapon)
Missiles
 b - 2 throwing nets
Armour
 m - a +0 helmet (worn)
 p - a +0 ring mail (worn)
Jewellery
 r - a +6 ring of dexterity (left hand)
Scrolls
 f - 2 scrolls of summoning {unknown}
 g - a scroll of poison {unknown}
 h - a scroll of acquirement {unknown}
 i - 3 scrolls of identify {unknown}
 k - 2 scrolls of immolation {unknown}
 o - a scroll of blinking {unknown}
Potions
 d - a potion of cancellation {unknown}
 e - a potion of heal wounds {unknown}
 j - a potion of curing
 l - 2 potions of invisibility {unknown}
 n - 2 potions of attraction {unknown}
 q - a potion of might {unknown}


   Skills:
 - Level 3.0 Fighting
 + Level 5.6 Long Blades
 - Level 2.4 Dodging
 - Level 3.0 Stealth


You had 3 spell levels left.
You knew the following spells:

 Your Spells              Type           Power      Damage    Failure   Level
a - Foxfire               Conj/Fire      0%         2x1d4     41%         1

Your spell library contained the following spells:

 Spells                   Type           Power      Damage    Failure   Level
 Slow                     Hex            0%         N/A       41%         1
 Confusing Touch          Hex            0%         N/A       80%         3
 Conjure Flame            Conj/Fire      0%         6-21      80%         3
 Inner Flame              Hex/Fire       0%         N/A       80%         3
 Vampiric Draining        Necr           0%         2d6       80%         3
 Flame Wave               Conj/Fire      0%         2d4       99%         4
 Summon Lightning Spire   Summ/Air       0%         N/A       99%         4
 Storm Form               Tmut/Air       0%         N/A       100%        7
 Maxwell's Capacitive Co  Air            0%         ∞         100%        8


Dungeon Overview and Level Annotations

Branches:
Dungeon (3/15)

Altars:
Cheibriados

Shops:
D:2 *

Annotations:
D:3 1 runed translucent door, KittyFluff's ghost, amateur GrBe


Innate Abilities, Weirdness & Mutations

Your serpentine skin is tough. (AC +1)
You have supernaturally acute eyesight. (SInv)
Armour fits poorly on your strangely shaped body.
Your system is resistant to poisons. (rPois)
You cover ground very slowly.
You can spit poison.
You have a snake-like lower body.


Message History

KittyFluff's ghost turns its malevolent gaze towards you.
There is a stone staircase leading down here.
You open the door. 2 gnolls come into view.
A gnoll is wielding a +2 vorpal flail.
The splash of poison hits the gnoll!
The gnoll is almost dead.
The gnoll shouts!
You hear a shout! x2
A gnoll comes into view. It is wielding a +0 halberd.
You hit the gnoll but do no damage.
The gnoll is almost dead.
The gnoll hits you with a +2 vorpal flail.
The gnoll hits you from afar with a +0 halberd!
You hit the gnoll.
You kill the gnoll!
Cheibriados appreciates the change of pace.
The gnoll hits you from afar with a +0 halberd!
* * * LOW HITPOINT WARNING * * *
You have reached level 5!
The gnoll closely misses you.
Okay, then.
Okay, then.
Okay, then.
You have got your breath back.
The gnoll barely misses you.
The gnoll hits you from afar with a +0 halberd.
* * * LOW HITPOINT WARNING * * *
A gnoll comes into view. It is wielding a +0 flail.
You are confused.
You feel invigorated.
The gnoll hits you from afar with a +0 halberd!
* * * LOW HITPOINT WARNING * * *
The gnoll barely misses you. The gnoll hits you with a +0 halberd!
* * * LOW HITPOINT WARNING * * *
The gnoll hits you with a +0 halberd!
* * * LOW HITPOINT WARNING * * *
The gnoll hits you with a +0 halberd.
* * * LOW HITPOINT WARNING * * *
The gnoll hits you with a +0 halberd.
You die...

##...###############
#.
##.................#
#.
.........###########
#####. ##...###.#
#..... # #..... ##...#
#)# #....##.# #.###.
##...# #.# #....)..#
#. ##.## #.# #...>##
## #.# #.## #.ggg.#
#### #. #.# #..#
#..@..# #..## #. #.#
##.# ###.### ##..# #.
#.#####.# ###.####
#..# #. ##..##...#
##...#..# ####.## #.
##†...).#####..##..##
#....####. .).#.####
#..###.#########...##.
####..# #.## #.# #.#
###.##. # ##.# #.#
##.###.# #.... #.# #.#
#..##..# #..#.


You could see 3 gnolls.

Vanquished Creatures
  An orc wizard (D:3)
  A gnoll (D:3)
  An adder (D:3)
  A worm (D:3)
  2 dart slugs
  8 orcs (D:3)
  4 ball pythons
  6 endoplasms
  2 giant cockroaches
  5 goblins
  8 hobgoblins
  4 jackals (D:2)
  3 kobolds
  A quokka (D:1)
  4 bats
  5 frilled lizards
  4 rats
60 creatures vanquished.

Notes
Turn   | Place    | Note
-------+----------+-------------------------------------------
     0 | D:1      | funnyparkerb the Naga Monk began the quest for the Orb.
     0 | D:1      | Reached XP level 1. HP: 21/21 MP: 1/1
   144 | D:1      | Reached XP level 2. HP: 28/28 MP: 2/2
   155 | D:1      | Learned a level 1 spell: Foxfire
   882 | D:1      | Reached skill level 4 in Long Blades
  1347 | D:2      | Reached XP level 3. HP: 27/34 MP: 3/3
  1853 | D:2      | Found Weash's Assorted Antiques.
  2008 | D:2      | Found a snail-covered altar of Cheibriados.
  2025 | D:2      | Became a worshipper of Cheibriados the Contemplative
  2025 | D:2      | Reached * piety under Cheibriados
  2025 | D:2      | Reached ** piety under Cheibriados
  2910 | D:3      | Reached XP level 4. HP: 22/42 MP: 4/4
  3133 | D:3      | Reached skill level 5 in Long Blades
  3850 | D:3      | Found a runed translucent door.
  3851 | D:3      | Noticed KittyFluff's ghost (amateur GrBe)
  4026 | D:3      | Reached XP level 5. HP: 13/49 MP: 5/5
  4030 | D:3      | HP: 1/49 [gnoll/+0 halberd (2)]
  4030 | D:3      | Slain by a gnoll

Illustrated notes

Levels and vault maps discovered:
D:1:      lightli_arrival_quake, layout_basic
D:2:      layout_loops_ring, serial_shops, shop_coins, basic_altar,
          grunt_ministairs_13
D:3:      layout_rooms, chequers_temple_overflow_minitemple,
          gammafunk_ghost_grave

Skill      XL: |  1  2  3  4 |
---------------+-------------+-----
Long Blades    | 4 5 |  5.6
Fighting       | |  3.0
Dodging        | |  2.4
Stealth        | |  3.0

Action                   |  1- 3 |  4- 6 || total
-------------------------+-------+-------++-------
Melee: Falchion          |   134 |    52 ||   186
       Punch             |       |     2 ||     2
 Abil: Spit Poison       |       |    10 ||    10
  Use: Potion            |       |     1 ||     1
 Stab: Sleeping          |     7 |       ||     7
Armor: Robe              |    15 |       ||    15
       Ring mail         |     3 |    12 ||    15
Dodge: Dodged            |    66 |    27 ||    93
